 Dungeon Crawl Stone Soup version 0.16-a0-3300-g0332368 (webtiles) character file.

3262 PolkaDot the Martial Artist (level 9, 0/62 HPs)
             Began as a Vampire Monk on Dec 25, 2014.
             Slain by an orc warrior
             ... wielding a +0 mace
              (10 damage)
             ... on level 8 of the Dungeon.
             The game lasted 00:16:22 (6341 turns).

PolkaDot the Martial Artist (Vampire Monk)          Turns: 6341, Time: 00:16:22

Health: 0/62       AC:  5    Str: 13    XL:     9   Next: 68%
Magic:  9/9        EV: 14    Int: 12    God:
Gold:   323        SH:  0    Dex: 21    Spells: 0 memorised, 8 levels left

rFire  . . .     SeeInvis +       - Unarmed
rCold  . . .     Clarity  .     a - +1 robe
rNeg   + . .     SustAb   .     (no shield)
rPois  .         Gourm    .     (no helmet)
rElec  .         Spirit   .     e - +0 cloak
rCorr  .         Warding  .     (no gloves)
rMut   .         Stasis   .     s - +0 pair of boots
MR     .....                    (no amulet)
Stlth  +++++.....               i - ring of positive energy
                                g - +5 ring of dexterity (curse)

@: regenerating quickly, not resistant to hostile enchantments, quite stealthy
A: bottle blood, fangs 3, see invisible, unbreathing
a: no special abilities


You were on level 8 of the Dungeon.
You were very full.

You visited 1 branch of the dungeon, and saw 8 of its levels.

You collected 323 gold pieces.

Inventory:

Armour
 a - a +1 robe (worn)
 e - a +0 cloak (worn)
 s - a +0 pair of boots (worn)
Jewellery
 g - a cursed +5 ring of dexterity (left hand)
 i - a ring of positive energy (right hand)
 j - a cursed ring of teleportation
Magical devices
 b - a wand of enslavement (15)
 h - a wand of cold (6)
 n - a wand of cold (8)
Scrolls
 c - a scroll of summoning {unknown}
 d - 3 scrolls of enchant armour
 k - a scroll of teleportation
 m - a scroll of amnesia
 p - a scroll of recharging
 r - a scroll of fog {unknown}
 t - 2 scrolls of immolation
 u - a scroll of identify
 w - a scroll of remove curse
 x - a scroll of fear
 y - a scroll of blinking
Potions
 f - 5 potions of brilliance
 l - 15 potions of blood {@*1}
 o - a potion of restore abilities
 q - a potion of cure mutation {unknown}
 z - a potion of experience {unknown}
Books
 v - a book of Maledictions

   Spells                             Type                      Level
   a - Corona                         Hexes                        1
   b - Sure Blade                     Hexes/Charms                 2
   c - Ensorcelled Hibernation        Hexes/Ice                    2
   d - Confuse                        Hexes                        3
   e - Dazzling Spray                 Conjuration/Hexes            3
   f - Enslavement                    Hexes                        4


   Skills:
 - Level 2.6 Fighting
 - Level 3.2 Dodging
 + Level 7.8 Stealth
 * Level 14.1 Unarmed Combat


You had 8 spell levels left.
You didn't know any spells.

Dungeon Overview and Level Annotations

Branches:
Dungeon (8/15)             Temple (0/1) D:7
   Lair: D:8-11

Altars:
Dithmenos
Gozag
Nemelex Xobeh
Ru
Xom
Yredelemnul


Innate Abilities, Weirdness & Mutations

Your natural rate of healing is unusually fast.
You can bottle blood from corpses.
You have razor-sharp teeth.
You have supernaturally acute eyesight.
You can survive without breathing.


Message History

Okay, then.
Evoke which item? (* to show all) (? for menu, Esc to quit)
Zapping:
n - a wand of cold {zapped: 2} (will waste charges)
Press: ? - help, Shift-Dir - straight line, f - orc warrior
Aim: an orc warrior, wielding a mace and wearing a plate armour (almost dead)
The bolt of cold misses the orc warrior.
Evoking this partially-identified wand wasted a few charges.
The orc wizard hits you with a dagger.
* * * LOW HITPOINT WARNING * * *
The orc warrior barely misses you. The orc wizard closely misses you.
The hobgoblin hits you but does no damage.
Evoke which item? (* to show all) (? for menu, Esc to quit)
Zapping:
n - a wand of cold {zapped: 4} (will waste charges)
Press: ? - help, Shift-Dir - straight line, f/p - orc warrior
Aim: an orc warrior, wielding a mace and wearing a plate armour (almost dead)
The bolt of cold hits the orc warrior.
The orc warrior is almost dead.
Evoking this partially-identified wand wasted a few charges.
The orc wizard barely misses you. The orc warrior hits you with a mace!
You die...

.<... #....[...
#.........
#.........
#.......##+##
#.......+...#
+.......#...##
#go.....#....#
#o@.....#[...#
#.......#....+
#.......#....#
+....(..#....#
#.......'...##
.........#...##
..###+####....+
..............#
........<.....#


You could see an orc warrior, an orc wizard and a hobgoblin.

Vanquished Creatures
  The ghost of yuleCrawler the Poker, an experienced OpBe of Trog (D:6)
  The ghost of Tolias the Sneak, an experienced OpCK of Xom (D:5)
  Prince Ribbit (D:7)
  A hippogriff (D:7)
  A hungry ghost (D:7)
  Edmund (D:5)
  Menkaure (D:7)
  2 centaurs (D:7)
  3 ogres
  Sigmund (D:7)
  3 giant frogs
  A water moccasin skeleton (D:7)
  7 crimson imps
  3 killer bees (D:7)
  5 hounds
  A centaur skeleton (D:6)
  5 iguanas
  Crazy Yiuf (D:5)
  A giant frog zombie (D:5)
  A jelly (D:7)
  Natasha (twice) (D:5)
  4 orc wizards
  A mummy (D:7)
  4 adders
  2 shadow imps
  A worm (D:4)
  An adder skeleton (D:5)
  8 giant geckos
  2 oozes
  16 orcs
  5 giant cockroaches
  4 goblins
  9 hobgoblins
  6 jackals
  14 kobolds
  3 quokkas
  A ball python skeleton (D:4)
  10 bats
  2 giant gecko skeletons
  5 giant newts
  A jackal zombie (D:5)
  11 rats
153 creatures vanquished.

Notes
Turn   | Place    | Note
--------------------------------------------------------------
     0 | D:1      | PolkaDot, the Vampire Monk, began the quest for the Orb.
     0 | D:1      | Reached XP level 1. HP: 17/17 MP: 1/1
   304 | D:1      | Reached XP level 2. HP: 23/23 MP: 2/2
   346 | D:1      | Reached skill level 5 in Unarmed Combat
   972 | D:2      | Found a sparkling altar of Nemelex Xobeh.
   972 | D:2      | Found an opulent altar of Gozag.
  1053 | D:2      | Reached XP level 3. HP: 28/28 MP: 3/3
  1606 | D:3      | Found a basalt altar of Yredelemnul.
  1614 | D:3      | Found a shadowy altar of Dithmenos.
  1692 | D:3      | Reached skill level 6 in Unarmed Combat
  2002 | D:4      | Reached XP level 4. HP: 34/34 MP: 4/4
  2082 | D:4      | Found a shimmering altar of Xom.
  2173 | D:4      | Reached skill level 7 in Unarmed Combat
  2173 | D:4      | Reached XP level 5. HP: 36/39 MP: 5/5
  2358 | D:4      | Found a sacrificial altar of Ru.
  2603 | D:4      | Reached skill level 8 in Unarmed Combat
  2603 | D:4      | Reached XP level 6. HP: 42/46 MP: 6/6
  2740 | D:5      | Entered Level 5 of the Dungeon
  2882 | D:5      | Noticed Tolias' ghost (experienced OpCK)
  2901 | D:5      | Killed Tolias' ghost
  2901 | D:5      | Reached skill level 10 in Unarmed Combat
  2901 | D:5      | Reached XP level 7. HP: 51/51 MP: 7/7
  2991 | D:5      | Noticed Natasha
  2998 | D:5      | Killed Natasha
  3101 | D:5      | Noticed Edmund
  3112 | D:5      | Killed Edmund
  3152 | D:5      | Noticed Natasha
  3159 | D:5      | Killed Natasha
  3373 | D:5      | Noticed Crazy Yiuf
  3381 | D:5      | Killed Crazy Yiuf
  3661 | D:6      | Reached XP level 8. HP: 43/57 MP: 8/8
  3782 | D:6      | Reached skill level 11 in Unarmed Combat
  4320 | D:6      | Noticed yuleCrawler's ghost (experienced OpBe)
  4335 | D:6      | Killed yuleCrawler's ghost
  4335 | D:6      | Reached skill level 12 in Unarmed Combat
  5283 | D:7      | Reached skill level 13 in Unarmed Combat
  5283 | D:7      | Reached XP level 9. HP: 40/62 MP: 9/9
  5300 | D:7      | Noticed a rust devil
  5321 | D:7      | Noticed Menkaure
  5326 | D:7      | Found a staircase to the Ecumenical Temple.
  5336 | D:7      | Killed Menkaure
  5336 | D:7      | Reached skill level 5 in Stealth
  5687 | D:7      | Noticed an angel
  5922 | D:7      | Noticed Prince Ribbit
  5935 | D:7      | Killed Prince Ribbit
  6133 | D:7      | Noticed Sigmund
  6146 | D:7      | Killed Sigmund
  6146 | D:7      | Reached skill level 14 in Unarmed Combat
  6341 | D:8      | Slain by an orc warrior

Action                   |  1- 3 |  4- 6 |  7- 9 || total
-------------------------+-------+-------+-------++-------
Melee: Unarmed           |   106 |   107 |   285 ||   498
       Rapier            |    15 |       |       ||    15
Evoke: Wand              |       |       |     3 ||     3
  Use: Potion            |     6 |    12 |    23 ||    41
       Scroll            |     5 |     3 |     4 ||    12
 Stab: Sleeping          |    13 |     4 |    12 ||    29
  Eat: Corpse            |    11 |       |     4 ||    15
